cohdb
Replays
Latest Replays
All Replays
Popular Replays
Top Player Replays
Match Explorer
How It Works
Community
CoH3 Stats
Reddit
Sign in to upload your games and track your stats! →
Sign in with Steam
Match 44126039
Unlisted
Match 44126039
Overview
Messages
Build Orders
End
Selects Special Operations Battlegroup
Selects M29 Weasel Recon Vehicle
M29 Weasel Recon Vehicle
Engineer Squad
Construct Weapon Support Center
M1919 Machine Gun Team
M1919 Machine Gun Team
Infantry Support Center
Construct Medical Station
Selects Smoke Screen
M3 Armored Personnel Carrier
M3 Armored Personnel Carrier
Engineer Squad
Smoke Screen
Selects SSF Commando Squad
SSF Commando Squad
SSF Commando Squad
Smoke Screen
Survival Training
Construct Tank Depot
Symbiosis
CAuMOH
DaPopeCOH
Rowdy
0
0
Comments
sign in to comment!
No comments posted yet!